 Dungeon Crawl Stone Soup version 0.26-a0-547-g695e311587 (webtiles) character file.

Game seed: 12100803236452474616

(classic levelgen) 10065 EnegeticOcto the Severer (level 11, -1/81 HPs)
             Began as a Deep Dwarf Fighter on Aug 20, 2020.
             Was a Believer of Hepliaklqana.
             Slain by Snorg (3 damage)
             ... on level 3 of the Lair of Beasts.
             The game lasted 00:13:24 (2165 turns).

EnegeticOcto the Severer (Deep Dwarf Fighter)       Turns: 2165, Time: 00:13:24

Health: -1/81      AC: 15    Str: 23    XL:     11   Next: 31%
Magic:  7/7        EV:  6    Int:  9    God:    Hepliaklqana [**....]
Gold:   347        SH: 10    Dex: 12    Spells: 10/10 levels left

rFire    . . .     SeeInvis .   a - +0 war axe
rCold    + . .     Faith    .   c - +0 kite shield
rNeg     . . .     Spirit   .   v - +0 chain mail
rPois    .         Reflect  .   (no helmet)
rElec    .         Harm     .   D - +0 cloak (curse)
rCorr    .                      n - +0 pair of gloves
MR       +....                  E - +2 pair of boots
Stlth    ..........             (no amulet)
HPRegen  0.00/turn              e - ring of protection from cold
MPRegen  0.10/turn              (no ring)

@: mighty, non-regenerating
A: damage resistance, heal wounds, reduced essence, sense surroundings 2, no
regeneration
a: Heal Wounds, Ancestor Life: Knight, Ancestor Life: Battlemage, Ancestor Life:
Hexer, Recall Ancestor, Ancestor Identity, Renounce Religion


You were on level 3 of the Lair of Beasts.
You worshipped Hepliaklqana.
Hepliaklqana was pleased with you.
You visited 2 branches of the dungeon, and saw 15 of its levels.

You collected 457 gold pieces.
You spent 110 gold pieces at shops.

Inventory:

Hand Weapons
 a - a +0 war axe (weapon)
 m - a +0 glaive
 B - a +2 vampiric short sword
Missiles
 f - a throwing net (quivered) {!f}
Armour
 b - a +0 scale mail
 c - a +0 kite shield (worn)
 n - a +0 pair of gloves (worn)
 v - a +0 chain mail (worn)
 A - a +0 plate armour
 D - a cursed +0 cloak (worn)
 E - a +2 pair of boots (worn)
Magical Staves
 q - an uncursed staff of air {unknown}
Jewellery
 e - a ring of protection from cold (left hand)
 o - an uncursed ring of ice
Wands
 i - a wand of paralysis (7)
 x - a wand of random effects (37)
 y - a wand of iceblast (10) {@v2}
Scrolls
 g - a scroll of amnesia
 j - 5 scrolls of remove curse {@r2}
 p - a scroll of fog {unknown}
 r - a scroll of enchant armour
 u - 5 scrolls of teleportation {@r3 !r}
 w - a scroll of identify {@r1}
 C - a scroll of enchant weapon {unknown}
Potions
 d - 3 potions of might {@q3 !q}
 h - a potion of haste {@q4 !q}
 k - 9 potions of curing {@q1 !q}
 l - 2 potions of ambrosia
 s - 2 potions of stabbing {@q5 !q}
 t - 2 potions of invisibility
 z - a potion of magic
 F - 4 potions of heal wounds {@q2 !q}
 G - 3 potions of berserk rage
 H - 2 potions of degeneration


   Skills:
 + Level 3.7 Fighting
 - Level 16.0 Axes
 + Level 4.5 Armour
 + Level 4.5 Shields
 - Level 9.0 Invocations
 + Level 3.3 Evocations


You had 10 spell levels left.
You didn't know any spells.
Your spell library was empty.

Dungeon Overview and Level Annotations

Branches:
Dungeon (12/15)              Lair (3/6) D:11
 Temple: D:4-7        Swamp: Lair:2-4    Shoals: Lair:2-4     Snake: Lair:2-4
 Spider: Lair:2-4       Orc: D:9-12

Altars:
Ashenzari
Hepliaklqana
Beogh

Shops:
D:8 !   D:11 (

Annotations:
Lair:2 exclusion: oklob plant
Lair:3 Snorg


Innate Abilities, Weirdness & Mutations

You are resistant to damage.
You can heal yourself by infusing magical energy.
You passively map the area around you.
You do not regenerate.
Your life essence is reduced to manifest your ancestor. (-10% HP)


Message History

The polar bear claws you.
You closely miss the polar bear.
The polar bear is almost dead.
The polar bear bites you!!
The polar bear claws you but does no damage.
The polar bear barely misses you.
You hit the polar bear but do no damage.
The polar bear is almost dead.
You block the polar bear's attack. x2
The polar bear claws you but does no damage.
You slash the polar bear!
You kill the polar bear!
Your Evocations skill increases to level 3!
You see here a polar bear corpse.
You feel much better.
Tlalli emerges from the mists of memory!
A komodo dragon comes into view.
You may now remember your ancestor's life.
Found a brass ring.
A blink frog and Snorg come into view.
Snorg shouts!
The blink frog croaks.
A blink frog comes into view.
Really quaff
d - 4 potions of might {@q3 !q}?
You feel very mighty all of a sudden.
The blink frog gives a loud, deep croak!
The komodo dragon closely misses you.
Your shield and chain mail prevent you from hitting the komodo dragon.
You hit the komodo dragon but do no damage.
The komodo dragon barely misses you.
A blink frog comes into view.
You slash the komodo dragon!
The komodo dragon is moderately wounded.
The blink frog blinks!
You block the komodo dragon's attack.
Tlalli hits the komodo dragon but does no damage.
You slash the komodo dragon!
The komodo dragon is severely wounded.
You hit the blink frog.
The blink frog barely misses Tlalli.
Snorg barely misses Tlalli.
Snorg claws Tlalli.
Snorg claws Tlalli!
The komodo dragon completely misses you.
You hit the komodo dragon.
The komodo dragon is severely wounded.
You slash the blink frog!
Tlalli hits the komodo dragon but does no damage.
Snorg bites Tlalli.
Snorg claws Tlalli but does no damage.
Snorg barely misses Tlalli.
You hit the komodo dragon.
The komodo dragon is almost dead.
You slash the blink frog!
The blink frog blinks!
You block the komodo dragon's attack.
Tlalli hits Snorg.
The blink frog blinks!
A seven-headed hydra comes into view.
The blink frog hits you!
You slash the komodo dragon!
You kill the komodo dragon!
You miss the blink frog.
Snorg goes berserk!
Tlalli closely misses Snorg.
The blink frog hits you.
The blink frog blinks!
Snorg barely misses you. You block Snorg's attack.
Snorg claws you but does no damage. The blink frog hits you!
The blink frog blinks!
Tlalli hits Snorg!
You block Snorg's attack. Snorg barely misses you. Snorg claws you!
You slash Snorg!
Snorg is lightly wounded.
Snorg bites you!! Snorg claws you but does no damage. You block Snorg's attack.
You closely miss Snorg.
Snorg is lightly wounded.
You miss the blink frog.
Tlalli barely misses Snorg.
The blink frog completely misses you. Snorg bites you!
* * * LOW HITPOINT WARNING * * *
Snorg claws you.
* * * LOW HITPOINT WARNING * * *
You block Snorg's attack.
You feel much better.
Tlalli hits Snorg!
The blink frog hits you!
The blink frog blinks!
Snorg bites you but does no damage.
You block Snorg's attack. x2; The blink frog blinks!
Your magical essence is drained by the effort!
You feel much better. Snorg bites you. Snorg claws you! Snorg claws you.
Tlalli hits Snorg.
Snorg bites you! You block Snorg's attack. Snorg barely misses you.
You slash Snorg!
Snorg is moderately wounded.
The blink frog blinks!
Tlalli misses Snorg.
Snorg bites you!
Snorg barely misses you. x2; The blink frog blinks!
You feel much better. Snorg bites you!! Snorg claws you but does no damage.
Snorg claws you!
* * * LOW HITPOINT WARNING * * *
Tlalli hits Snorg.
You block the seven-headed hydra's attack.
The seven-headed hydra bites you.
The seven-headed hydra bites you but does no damage. x3
You block the seven-headed hydra's attack.
The seven-headed hydra bites you.
* * * LOW HITPOINT WARNING * * *
You slash Snorg!
Snorg is moderately wounded.
You hit the blink frog.
You lop one of the seven-headed hydra's heads off!
The six-headed hydra grows two more!
You slash the eight-headed hydra! Snorg bites you!!
* * * LOW HITPOINT WARNING * * *
Snorg claws you but does no damage. Snorg claws you.
You die...

* , **
##††..................
,, , ,
#.#.....####..##.#..#*
,**,, ###......# #..#
#..(* , ,* , #.....##
(.# , , ** , ,
#..F..##*, . , +
,##....§.# ,, , ,* , *
* #.......# ** ,, * ,
#######.F....# ,
.........@D.##.# * ,
,** ,,
.........RT...... , ,
,........†F....... , ,
,,................. ,
, .#.##............ ,
#. ##.......#... * , ,
# *##.......#.. ,, , *
#....=.#... * *
........#., ,


You could see the friendly Tlalli the ancestor, Snorg (berserk), an eight-headed
hydra and 3 blink frogs.

Vanquished Creatures
  A skeletal warrior (D:11)
  An ugly thing (D:11)
  A centaur zombie (D:10)
  2 cane toads
  2 komodo dragons
  A polar bear (Lair:3)
  2 hornets (D:11)
  2 trolls
  2 hippogriffs
  6 yaks (Lair:2)
  Menkaure (D:6)
  3 porcupines
  2 orc warriors
  An eye of draining (D:9)
  A sky beast (D:10)
  5 ice beasts
  2 centaurs
  3 wolves (Lair:3)
  3 ogres
  2 crocodiles (Lair:2)
  4 bullfrogs
  7 scorpions
  11 killer bees
  A howler monkey (D:4)
  A jelly (D:11)
  6 hounds (D:4)
  6 orc priests (D:4)
  A centaur skeleton (D:8)
  4 orc wizards
  An iguana (D:11)
  2 worker ants
  A hound zombie (D:6)
  A hound skeleton (D:7)
  3 gnolls (D:7)
  5 adders
  A howler monkey skeleton (D:9)
  A worm (D:2)
  3 leopard geckos
  14 orcs
  6 giant cockroaches
  2 hobgoblins (D:2)
  2 jackals (D:10)
  A bat (D:1)
  2 frilled lizards
  3 goblins
  2 kobolds (D:2)
  A leopard gecko skeleton (D:4)
  A quokka skeleton (D:3)
  2 rats
138 creatures vanquished.

Vanquished Creatures (collateral kills)
  A gargoyle (D:11)
  2 cane toads (Lair:1)
  A komodo dragon (Lair:2)
  A water moccasin (Lair:2)
  An orc warrior (D:11)
  4 killer bees
  A hound (D:11)
  An orc wizard (D:11)
  A worker ant zombie (D:11)
  A gnoll (D:7)
  3 orcs
  A jackal (D:10)
18 creatures vanquished.

Vanquished Creatures (others)
  4 ancestors
4 creatures vanquished.

Grand Total: 160 creatures vanquished

Notes
Turn   | Place    | Note
-------+----------+-------------------------------------------
     0 | D:1      | EnegeticOcto the Deep Dwarf Fighter began the quest for the
                  | Orb.
     0 | D:1      | Reached XP level 1. HP: 20/20 MP: 1/1
   180 | D:2      | Reached skill level 3 in Axes
   181 | D:2      | Reached XP level 2. HP: 22/27 MP: 2/2
   277 | D:4      | Reached skill level 4 in Axes
   277 | D:4      | Reached XP level 3. HP: 23/33 MP: 3/3
   336 | D:4      | Reached skill level 5 in Axes
   336 | D:4      | Reached XP level 4. HP: 31/40 MP: 4/4
   401 | D:4      | Reached XP level 5. HP: 37/46 MP: 5/5
   403 | D:4      | Reached skill level 6 in Axes
   412 | D:4      | Reached skill level 7 in Axes
   412 | D:4      | Reached XP level 6. HP: 44/55 MP: 6/6
   433 | D:4      | Reached skill level 8 in Axes
   549 | D:4      | Reached XP level 7. HP: 56/61 MP: 7/7
   568 | D:4      | Found a roughly hewn altar of Beogh.
   579 | D:4      | Reached skill level 9 in Axes
   652 | D:5      | Entered Level 5 of the Dungeon
   797 | D:6      | Reached skill level 10 in Axes
   813 | D:6      | Reached XP level 8. HP: 42/68 MP: 8/8
   828 | D:6      | Noticed Menkaure
   834 | D:6      | Killed Menkaure
   834 | D:6      | Reached skill level 11 in Axes
   881 | D:6      | Found a hazy altar of Hepliaklqana.
   888 | D:6      | Became a worshipper of Hepliaklqana the Forgotten
   929 | D:7      | Your magical essence is drained by the effort!
   970 | D:7      | Reached skill level 1 in Invocations
   978 | D:7      | Reached skill level 12 in Axes
   978 | D:7      | Reached skill level 2 in Invocations
  1065 | D:7      | Reached skill level 3 in Invocations
  1073 | D:7      | Gained mutation: You passively map the area around you.
                  | [Deep Dwarf growth]
  1073 | D:7      | Reached XP level 9. HP: 61/66 MP: 10/10
  1097 | D:7      | Reached skill level 4 in Invocations
  1163 | D:8      | Found Yrraunech's Distillery.
  1176 | D:8      | Bought a potion of heal wounds for 55 gold pieces
  1176 | D:8      | Bought a potion of berserk rage for 55 gold pieces
  1312 | D:9      | Found a shattered altar of Ashenzari.
  1326 | D:9      | Reached * piety under Hepliaklqana
  1347 | D:9      | Reached skill level 13 in Axes
  1347 | D:9      | Reached skill level 5 in Invocations
  1407 | D:10     | Entered Level 10 of the Dungeon
  1413 | D:10     | Noticed a troll
  1434 | D:10     | Reached skill level 6 in Invocations
  1436 | D:10     | Killed a troll
  1485 | D:11     | Noticed a troll
  1500 | D:11     | Killed a troll
  1500 | D:11     | Reached skill level 14 in Axes
  1500 | D:11     | Reached skill level 7 in Invocations
  1502 | D:11     | Reached XP level 10. HP: 34/72 MP: 14/14
  1507 | D:11     | Your magical essence is drained by the effort!
  1633 | D:11     | Paralysed by a hornet for 2 turns
  1691 | D:12     | Noticed a brown ugly thing
  1698 | D:11     | Killed a brown ugly thing
  1698 | D:11     | Reached skill level 8 in Invocations
  1717 | D:11     | Found Plog's Antique Weapon Emporium.
  1751 | D:11     | Noticed a gargoyle
  1765 | D:11     | Your magical essence is drained by the effort!
  1769 | D:11     | Killed a gargoyle
  1779 | D:11     | Noticed a skeletal warrior
  1787 | D:11     | Your magical essence is drained by the effort!
  1827 | D:11     | Your magical essence is drained by the effort!
  1828 | D:11     | Killed a skeletal warrior
  1828 | D:11     | Reached skill level 15 in Axes
  1839 | D:11     | Found a staircase to the Lair.
  1851 | D:11     | Reached skill level 9 in Invocations
  1857 | Lair:1   | Entered Level 1 of the Lair of Beasts
  1857 | Lair:1   | Noticed a cane toad
  1858 | Lair:1   | Noticed a cane toad
  1859 | Lair:1   | Noticed a cane toad
  1864 | Lair:1   | Killed a cane toad
  1869 | Lair:1   | Your magical essence is drained by the effort!
  1878 | Lair:1   | Killed a cane toad
  1879 | Lair:1   | Killed a cane toad
  1950 | Lair:2   | Noticed an oklob plant
  1976 | Lair:2   | Reached skill level 1 in Evocations
  1980 | Lair:2   | Noticed a cane toad
  1984 | Lair:2   | Your magical essence is drained by the effort!
  1993 | Lair:2   | Killed a cane toad
  1993 | Lair:2   | Reached skill level 3 in Fighting
  1993 | Lair:2   | Reached XP level 11. HP: 45/81 MP: 10/10
  2019 | Lair:2   | Your magical essence is drained by the effort!
  2027 | Lair:2   | Reached skill level 2 in Evocations
  2045 | Lair:2   | Reached skill level 4 in Armour
  2045 | Lair:2   | Reached skill level 4 in Shields
  2046 | Lair:2   | Reached skill level 16 in Axes
  2131 | Lair:3   | Your magical essence is drained by the effort!
  2138 | Lair:3   | Reached skill level 3 in Evocations
  2148 | Lair:3   | Reached ** piety under Hepliaklqana
  2149 | Lair:3   | Noticed Snorg
  2156 | Lair:3   | Noticed a seven-headed hydra
  2162 | Lair:3   | Your magical essence is drained by the effort!
  2165 | Lair:3   | HP: 2/81 [Snorg (18)]
  2165 | Lair:3   | Slain by Snorg

Illustrated notes

Levels and vault maps discovered:
D:1:      dpeg_cavernosity, layout_basic, minivault_11,
          hangedman_decor_peaks_small
D:2:      layout_basic
D:3:      layout_rooms, st_stairs_1
D:4:      layout_cave_pools, nicolae_overflow_hidden_temple,
          kennysheep_orc_chapel
D:5:      cheibrodos_quashed, layout_loops_ring, serial_shops, shop_fountains
D:6:      layout_layer_cave, elyvilon_altar_3, grunt_gozag_breadcrumbs,
          nicolae_overflow_crystal_walls, minmay_temple_entry_crystal_x,
          eino_curves_03, mrwooster_statue_mirror, minmay_misc_feat_enclosed,
          chequers_serial_rivers_micro_b, minmay_microvault, uniq_pikel,
          uniq_menkaure
D:7:      layout_basic, xom_butterflies
D:8:      layout_loops_ring, serial_shops, shop
D:9:      layout_irregular_city, zin_angel, cheibrodos_ashenzari_chains,
          uniq_harold
D:10:     layout_basic, serial_shops, nicolae_shop_behind_doors,
          onia_ninara_dug_in_and_dangerous, uniq_sonja
D:11:     layout_irregular_city, grunt_lair_entry_orc_guard_hut, serial_shops,
          shop, st_stairs_3, minmay_diced_spiral
D:12:     layout_basic, orc_0_dummy
Lair:1:   layout_loops_ring, gammafunk_ghost_icy, disabler_island,
          serial_bayou_shore_b, infiniplex_staircase_pool
Lair:2:   layout_big_grid, minmay_lair_oklob_bushes, grunt_megastairs_1
Lair:3:   layout_regular_city, minmay_shoals_entry_hut,
          portal_ice_cave_entry_pillars_1, uniq_snorg

Skill      XL: |  1  2  3  4  5  6  7  8  9 10 11 |
---------------+----------------------------------+-----
Axes           | 3 4 5 7 8 10 12 14 15 16 | 16.0
Invocations    | 3 7 9 |  9.0
Evocations     | 1 3 |  3.3
Fighting       | 3 |  3.7
Armour         | 4 |  4.5
Shields        | 4 |  4.5

Action                   |  1- 3 |  4- 6 |  7- 9 | 10-12 || total
-------------------------+-------+-------+-------+-------++-------
Melee: War axe           |    50 |    60 |   274 |   260 ||   644
Invok: Recall Ancestor   |       |       |     1 |       ||     1
 Abil: Heal Wounds       |     1 |     4 |    12 |    36 ||    53
Evoke: Wand              |       |       |     5 |     4 ||     9
  Use: Scroll            |       |       |    13 |       ||    13
       Potion            |       |       |       |     1 ||     1
 Stab: Paralysed         |       |       |     1 |     7 ||     8
       Distracted        |       |       |     1 |     3 ||     4
Armor: Scale mail        |    34 |    55 |    16 |       ||   105
       Chain mail        |       |       |   175 |   151 ||   326
Dodge: Dodged            |    30 |    29 |   109 |    72 ||   240
Block: Kite shield       |    44 |    60 |   167 |   146 ||   417

Table legend: (Time is in decaauts)
 A = Elapsed time spent in this place.
 B = Non-inter-level travel time spent in this place.
 C = Inter-level travel time spent in this place.
 D = Time resting spent in this place.
 E = Time spent auto-exploring this place.
 F = Levels seen in this place.
 G = Mean time per level.
                   A        B        C        D        E       F      G
               +--------+--------+--------+--------+--------+-----+--------+
         Total |   2166 |   2117 |     49 |      0 |      0 |  15 |  144.4 |
       Dungeon |   1890 |   1841 |     49 |      0 |      0 |  12 |  157.5 |
          Lair |    275 |    275 |      0 |      0 |      0 |   3 |   91.7 |
               +--------+--------+--------+--------+--------+-----+--------+

Top non-repeatable levels by time:
    D:11: 363 daAuts
     D:4: 338 daAuts
     D:7: 225 daAuts
     D:8: 168 daAuts
     D:2: 153 daAuts
     D:6: 139 daAuts
  Lair:2: 135 daAuts
     D:5: 118 daAuts
     D:3: 116 daAuts
     D:9: 100 daAuts
  Lair:3: 87 daAuts
     D:1: 85 daAuts
    D:10: 72 daAuts
  Lair:1: 52 daAuts
    D:12: 9 daAuts
